 Dungeon Crawl Stone Soup version 0.19.0-2-gae57169 (webtiles) character file.

26 Patchouli the Magician (level 2, -8/14 HPs)
             Began as a Spriggan Wizard on Nov 6, 2016.
             Killed by divine providence
             ... invoked by an orc priest
              (16 damage)
             ... on level 4 of the Dungeon.
             The game lasted 00:08:37 (854 turns).

Patchouli the Magician (Spriggan Wizard)             Turns: 854, Time: 00:08:37

Health: -8/14      AC:  2    Str:  3    XL:     2   Next: 89%
Magic:  1/8        EV: 18    Int: 19    God:
Gold:   65         SH:  0    Dex: 14    Spells: 4 memorised, 2 levels left

rFire  . . .     SeeInvis +     p - +0 dagger (curse)
rCold  . . .     Gourm    .     a - +0 robe
rNeg   . . .     Faith    .     (shield restricted)
rPois  .         Spirit   .     b - +0 hat
rElec  .         Reflect  .     (no cloak)
rCorr  .         Harm     .     (gloves unavailable)
MR     .....                    (boots unavailable)
Stlth  ++........               (no amulet)
                                (no ring)
                                (no ring)

@: very slightly contaminated, very quick
A: unfitting armour, see invisible, herbivore 3, speed 3, slow metabolism 2
a: no special abilities


You were on level 4 of the Dungeon.
You were not hungry.

You visited 1 branch of the dungeon, and saw 4 of its levels.

You collected 65 gold pieces.

Inventory:

Hand Weapons
 e - a +0 long sword
 p - a cursed +0 dagger (weapon)
Missiles
 k - 2 throwing nets (quivered)
Armour
 a - a +0 robe (worn)
 b - a +0 hat (worn)
Jewellery
 j - an uncursed ring of poison resistance {unknown}
Scrolls
 g - 4 scrolls of teleportation {unknown}
 h - a scroll of fear {unknown}
 i - a scroll of blinking {unknown}
 l - a scroll of remove curse {unknown}
 n - a scroll of magic mapping {unknown}
 o - a scroll of immolation {unknown}
 q - 3 scrolls of identify {unknown}
Potions
 m - a potion of heal wounds {unknown}
Books
 c - a book of Minor Magic

   Spells                             Type                      Level
   a - Magic Dart                     Conjuration                  1
   b - Blink                          Translocation                2
   c - Call Imp                       Summoning                    2
   d - Repel Missiles                 Charms/Air                   2
   e - Slow                           Hexes                        2
   f - Conjure Flame                  Conjuration/Fire             3
   g - Mephitic Cloud                 Conjuration/Poison/Air       3
Comestibles
 d - a bread ration


   Skills:
 + Level 0.4 Fighting
 * Level 0.0 Short Blades
 + Level 3.5 Dodging
 - Level 3.3 Stealth
 * Level 4.3 Spellcasting
 + Level 1.1 Conjurations
 * Level 0.0 Charms
 * Level 0.8 Summonings
 + Level 1.5 Translocations


You had 2 spell levels left.
You knew the following spells:

 Your Spells              Type           Power        Failure   Level  Hunger
a - Magic Dart            Conj           #...         10%         1    None
k - Blink                 Tloc           N/A          12%         2    #......
m - Repel Missiles        Chrm/Air       #.....       21%         2    #......
p - Call Imp              Summ           #.......     17%         2    #......


Dungeon Overview and Level Annotations

Branches:
Dungeon (4/15)
 Temple: D:4-7

Altars:
Elyvilon
Qazlal

Shops:
D:4 [


Innate Abilities, Weirdness & Mutations

You are very small and have problems with some larger weapons.
You are too small for most types of armour.
You have supernaturally acute eyesight. (SInv)
You are a herbivore.
You cover ground extremely quickly.
You need consume almost no food.


Message History

Your crimson imp hits the hound skeleton.
Your crimson imp blinks!
Okay, then.
Something barely misses your crimson imp.
An orc wizard comes into view. It is wielding a dagger.
It was a potion of curing.
You feel better.
Something barely misses your crimson imp.
Your crimson imp completely misses the orc priest.
The orc hits you but does no damage.
The orc priest calls down the wrath of Beogh upon you.
Beogh smites you!
Ouch! That really hurt!
* * * LOW HITPOINT WARNING * * *
Something bites your crimson imp.
You feel better.
Your crimson imp hits the orc priest.
The orc misses you.
Something bites your crimson imp but does no damage.
The orc priest invokes the aid of Beogh against you.
Beogh smites you!
Ouch! That really hurt!
You die...

#. #[ ##. ≈ ..#####
..∩ #%#.o.
≈≈≈≈≈#(#o###########.
.≈≈≈....o5Z....§.....
########o#.......#...
#@#.#.........
#.#.#.#.......
###.#.#5#.#.#...
........Z.......
..#.#.#.#.####..
#.#.#<#... . #.#
####### #.#


You could see an orc priest, an orc wizard, 2 orcs and a friendly crimson imp.

Vanquished Creatures
  3 leopard geckos
  A giant cockroach (D:1)
  5 goblins
  3 hobgoblins
  A jackal (D:2)
  2 kobolds
  A ball python (D:3)
  2 bats
  A frilled lizard (D:2)
  2 rats
21 creatures vanquished.

Notes
Turn   | Place    | Note
-------+----------+-------------------------------------------
     0 | D:1      | Patchouli the Spriggan Wizard began the quest for the Orb.
     0 | D:1      | Reached XP level 1. HP: 9/9 MP: 6/6
   260 | D:3      | Reached XP level 2. HP: 14/14 MP: 2/8
   400 | D:3      | Noticed a water elemental
   402 | D:3      | Found a stormy altar of Qazlal.
   403 | D:3      | Noticed an air elemental
   403 | D:3      | Noticed an earth elemental
   403 | D:3      | Noticed a fire elemental
   496 | D:2      | Reached skill level 1 in Conjurations
   517 | D:1      | Learned a level 2 spell: Blink
   520 | D:1      | Learned a level 2 spell: Call Imp
   523 | D:1      | Learned a level 2 spell: Repel Missiles
   641 | D:2      | Found a white marble altar of Elyvilon.
   846 | D:4      | Found Ried Iplaeg's Armour Emporium.
   854 | D:4      | Killed from afar by an orc priest

Skill      XL: |  1  2 |
---------------+-------+-----
Conjurations   | 1 |  1.1
Fighting       | |  0.4
Dodging        | |  3.5
Stealth        | |  3.3
Spellcasting   | |  4.3
Summonings     | |  0.8
Translocations | |  1.5

Action                   || total
-------------------------++-------
Melee: Unarmed           ||     1
       Dagger            ||     5
       Long sword        ||     4
 Cast: Magic Dart        ||    52
       Call Imp          ||     2
  Use: Potion            ||     2
 Stab: Sleeping          ||     1
Armor: Robe              ||     2
Dodge: Dodged            ||    34
       Rpst.: Long sword ||     3
